 Dungeon Crawl Stone Soup version 0.22.0-38-g04b72b8 (webtiles) character file.

1620 Monsterracer the Thaumaturge (level 8, 0/59 HPs)
             Began as a Gnoll Wizard on Aug 31, 2018.
             Was a Follower of Sif Muna.
             Slain by an orc
             ... wielding a +0 dagger
              (6 damage)
             ... on level 10 of the Dungeon.
             The game lasted 00:14:26 (8871 turns).

Monsterracer the Thaumaturge (Gnoll Wizard)         Turns: 8871, Time: 00:14:27

Health: 0/59       AC:  3    Str:  9    XL:     8   Next: 96%
Magic:  3/20       EV: 15    Int: 23    God:    Sif Muna [*.....]
Gold:   361        SH:  0    Dex: 14    Spells: 9/23 levels left

rFire    . . .     SeeInvis .   a - +2 rapier (flame)
rCold    . . .     Gourm    .   (no shield)
rNeg     . . .     Faith    .   l - +0 robe
rPois    .         Spirit   .   y - +0 helmet (curse)
rElec    .         Reflect  .   (no cloak)
rCorr    +         Harm     .   (no gloves)
MR       .....                  (no boots)
Stlth    +++.......             (no amulet)
HPRegen  0.19/turn              g - ring of resist corrosion
MPRegen  0.17/turn              v - ring of flight

@: no status effects
A: distributed training, fangs 1, strong nose
a: Divine Energy, Renounce Religion, Evoke Flight


You were on level 10 of the Dungeon.
You worshipped Sif Muna.
Sif Muna was aware of your devotion.
You were not hungry.

You visited 1 branch of the dungeon, and saw 8 of its levels.
You also visited: Sewer.

You collected 361 gold pieces.

Inventory:

Hand Weapons
 a - a +2 rapier of flaming (weapon)
 b - the +3 hunting sling "Mud Pie of Death" {venom, rElec rN+ Dex+2 Stlth+}
   (You found it on level 6 of the Dungeon)

   It poisons the ammo it fires.
   It affects your dexterity (+2).
   It insulates you from electricity.
   It protects you from negative energy.
   It makes you more stealthy.
Missiles
 f - 64 sling bullets
 m - 178 stones (quivered)
 x - a throwing net
Armour
 l - a +0 robe (worn)
 o - a +1 helmet
 y - a cursed +0 helmet (worn)
Jewellery
 g - a ring of resist corrosion (left hand)
 s - an uncursed ring of ice
 v - a ring of flight (right hand)
Wands
 t - a wand of enslavement (18)
 u - a wand of acid (9)
 C - a wand of polymorph (11)
Scrolls
 d - a scroll of enchant weapon
 i - a scroll of fog
 n - 2 scrolls of teleportation {!r}
 q - 4 scrolls of remove curse
Potions
 e - 2 potions of brilliance
 h - 3 potions of heal wounds {unknown}
 j - a potion of cancellation
 k - a potion of invisibility
 p - 4 potions of curing
 r - 2 potions of flight {unknown}
 w - a potion of might {unknown}
 z - a potion of lignification {unknown}
 A - a potion of mutation {unknown}
 B - 2 potions of haste {unknown}
Comestibles
 c - 8 rations


   Skills:
 + Level 3.6 Fighting
 + Level 3.6 Short Blades
 + Level 3.6 Long Blades
 + Level 3.6 Axes
 + Level 3.6 Maces & Flails
 + Level 3.6 Polearms
 + Level 3.6 Staves
 + Level 3.6 Slings
 + Level 3.6 Bows
 + Level 3.6 Crossbows
 + Level 3.6 Throwing
 + Level 3.6 Armour
 + Level 5.9 Dodging
 + Level 5.6 Stealth
 + Level 3.6 Shields
 + Level 3.6 Unarmed Combat
 + Level 8.1 Spellcasting
 + Level 3.7 Conjurations
 + Level 3.0 Hexes
 + Level 3.0 Charms
 + Level 3.7 Summonings
 + Level 3.0 Necromancy
 + Level 3.7 Translocations
 + Level 3.0 Transmutations
 + Level 3.0 Fire Magic
 + Level 3.0 Ice Magic
 + Level 3.0 Air Magic
 + Level 3.0 Earth Magic
 + Level 3.0 Poison Magic
 + Level 4.0 Invocations
 + Level 3.6 Evocations


You had 9 spell levels left.
You knew the following spells:

 Your Spells              Type           Power        Failure   Level  Hunger
a - Magic Dart            Conj           ####         1%          1    None
b - Conjure Flame         Conj/Fire      ###.....     4%          3    None
c - Mephitic Cloud        Conj/Pois/Air  ###.....     5%          3    None
d - Call Imp              Summ           ####....     2%          2    None
e - Blink                 Tloc           N/A          2%          2    None
j - Regeneration          Chrm/Necr      ###.......   6%          3    None

Your spell library contained the following spells:

 Spells                   Type           Power        Failure   Level  Hunger
 Animate Skeleton         Necr           N/A          1%          1    None
 Confusing Touch          Hex            ###...       1%          1    None
 Pain                     Necr           ###.         1%          1    None
 Slow                     Hex            ###.....     3%          2    None
 Gell's Gravitas          Tloc           ####......   4%          3    None
 Confuse                  Hex            ###.....     6%          3    None
 Vampiric Draining        Necr           ###.......   6%          3    None
 Animate Dead             Necr           N/A          21%         4    ###....
 Petrify                  Tmut/Erth      ###.....     21%         4    ###....
 Metabolic Englaciation   Hex/Ice        ###.......   50%         5    #####..
 Yara's Violent Unravell  Hex/Tmut       ###.......   50%         5    #####..


Dungeon Overview and Level Annotations

Branches:
Dungeon (7/15)             Temple (0/1) D:6

Altars:
Okawaru
Sif Muna


Innate Abilities, Weirdness & Mutations

Your experience applies equally to all skills.
You have very sharp teeth.
Your uncanny sense of smell can sniff out nearby items.


Message History

Okay, then.
You feel better. The orc priest hits you with a flail!
* * * LOW HITPOINT WARNING * * *
The orc closely misses you. x2; The orc misses you.
You take 4 damage, and have 1/59 hp.
Casting: Blink (safe; 2% risk of failure)
Confirm with . or Enter, or press ? or * to list all spells.
You blink.
You now have 9/20 mp.
Casting: Blink (safe; 2% risk of failure)
Confirm with . or Enter, or press ? or * to list all spells.
Aiming: Mephitic Cloud (safe; 5% risk of failure)
Press: ? - help, Shift-Dir - straight line, f - orc priest
Aim: an orc priest, wielding a flail The ball explodes into a vile cloud!
The stinking cloud engulfs the orc priest.
The orc priest is engulfed in noxious fumes.
You now have 6/20 mp.
The orc priest is engulfed in noxious fumes.
The orc priest appears confused.
The orc priest is engulfed in noxious fumes.
The orc priest appears confused.
You hear a distant blaring wail to the northeast.
The orc priest is engulfed in noxious fumes.
The orc priest closely misses the orc.
The orc priest is engulfed in noxious fumes.
The orc priest appears confused.
The orc priest hits the orc with a flail.
The orc priest is engulfed in noxious fumes.
The orc priest appears confused.
There is an open door here.
Casting: Mephitic Cloud (safe; 5% risk of failure)
Confirm with . or Enter, or press ? or * to list all spells.
Aiming: Conjure Flame (safe; 4% risk of failure)
Press: ? - help, Dir - move target cursor The fire ignites!
You now have 5/20 mp.
Throwing (i - inventory. (/) - cycle)
m - 186 stones (quivered)
Press: ? - help, Shift-Dir - straight line, f - orc
Aim: an orc, wielding a club You throw a stone.
The stone hits the orc.
The orc is moderately wounded.
Throwing (i - inventory. (/) - cycle)
m - 185 stones (quivered)
Press: ? - help, Shift-Dir - straight line, f/p - orc
Aim: an orc, wielding a club (moderately wounded)
You throw a stone. The stone hits the orc.
The orc is severely wounded.
Throwing (i - inventory. (/) - cycle)
m - 184 stones (quivered)
Press: ? - help, Shift-Dir - straight line, f/p - orc
Aim: an orc, wielding a club (severely wounded)
You throw a stone. The stone hits the orc.
You kill the orc!
Sif Muna accepts your kill.
Throwing (i - inventory. (/) - cycle)
m - 183 stones (quivered)
Press: ? - help, Shift-Dir - straight line, f - water moccasin
Aim: a water moccasin (heavily wounded)
You throw a stone. The stone misses the water moccasin.
The stone barely misses the orc.
Throwing (i - inventory. (/) - cycle)
m - 182 stones (quivered)
Press: ? - help, Shift-Dir - straight line, f/p - water moccasin
Aim: a water moccasin (heavily wounded)
You throw a stone. The stone misses the water moccasin.
The stone hits the orc but does no damage.
The orc is heavily wounded.
Throwing (i - inventory. (/) - cycle)
m - 181 stones (quivered)
Press: ? - help, Shift-Dir - straight line, f/p - water moccasin
Aim: a water moccasin (heavily wounded)
You throw a stone.
The stone closely misses the water moccasin.
The stone barely misses the orc.
Throwing (i - inventory. (/) - cycle)
m - 180 stones (quivered)
Press: ? - help, Shift-Dir - straight line, f/p - water moccasin
Aim: a water moccasin (heavily wounded)
You throw a stone.
The stone completely misses the water moccasin.
The stone hits the orc but does no damage.
The orc is heavily wounded.
Throwing (i - inventory. (/) - cycle)
m - 179 stones (quivered)
Press: ? - help, Shift-Dir - straight line, f/p - water moccasin
Aim: a water moccasin (heavily wounded)
You throw a stone. The stone misses the water moccasin.
The stone closely misses the orc.
Throwing (i - inventory. (/) - cycle)
m - 178 stones (quivered)
Press: ? - help, Shift-Dir - straight line, f/p - water moccasin
Aim: a water moccasin (heavily wounded)
Okay, then.
Casting: Conjure Flame (safe; 4% risk of failure)
Confirm with . or Enter, or press ? or * to list all spells.
Aiming: Conjure Flame (safe; 4% risk of failure)
Press: ? - help, Dir - move target cursor, p - water moccasin The fire ignites!
The orc misses you.
You now have 4/20 mp.
Casting: Conjure Flame (safe; 4% risk of failure)
Confirm with . or Enter, or press ? or * to list all spells.
Aiming: Magic Dart (safe; 1% risk of failure)
Press: ? - help, Shift-Dir - straight line The magic dart hits the orc.
The orc is moderately wounded.
The orc hits you with a dagger.
You die...

#.. #.....# #..
#(....###.
###..####(........
#.................
#####.###......$...
#....S..So..(......
##.##ยง###Y.........
#.##o###.....##..
##z##@#..o.......#
#..z#.#.......(..#
###.#.#..o....(.(#
#z#.#...o...(..#
###.#.#....Y.((..#
#............(....
#####.#...(......#
#..)..#..........#
##)####.........#


You could see a water moccasin and an orc.

Vanquished Creatures
  Eustachio (D:4)
  A hungry ghost (D:10)
  A sky beast (D:5)
  An ogre (D:5)
  A phantom (D:6)
  A centaur (D:7)
  Blork the orc (D:4)
  A big kobold (Sewer)
  A bullfrog (D:7)
  5 wights (D:10)
  A howler monkey (D:4)
  A jelly (D:10)
  A quasit (D:5)
  An orc priest (D:3)
  2 orc wizards (D:5)
  Natasha (thrice) (D:2)
  A worker ant (D:6)
  A worker ant zombie (D:6)
  Robin (D:2)
  10 adders
  A gnoll (D:1)
  4 river rats
  An ooze (D:5)
  An adder skeleton (D:5)
  An adder zombie (D:6)
  2 worms (D:2)
  2 dart slugs
  3 leopard geckos (D:4)
  18 orcs
  4 giant cockroaches
  11 goblins
  12 hobgoblins
  18 jackals
  5 quokkas
  4 ball pythons
  5 bats
  3 frilled lizards
  9 kobolds
  A leopard gecko skeleton (D:4)
  9 rats
150 creatures vanquished.

Notes
Turn   | Place    | Note
-------+----------+-------------------------------------------
     0 | D:1      | Monsterracer the Gnoll Wizard began the quest for the Orb.
     0 | D:1      | Reached XP level 1. HP: 13/13 MP: 8/8
   169 | D:1      | Reached XP level 2. HP: 15/19 MP: 0/10
   602 | D:1      | Learned a level 2 spell: Blink
   674 | D:1      | Reached XP level 3. HP: 22/25 MP: 5/11
   679 | D:1      | Learned a level 3 spell: Conjure Flame
   683 | D:1      | Learned a level 3 spell: Mephitic Cloud
   686 | D:1      | Learned a level 2 spell: Call Imp
  1216 | D:2      | Noticed Natasha
  1222 | D:2      | Killed Natasha
  1222 | D:2      | Reached skill level 1 in Fighting
  1222 | D:2      | Reached skill level 1 in Short Blades
  1222 | D:2      | Reached skill level 1 in Long Blades
  1222 | D:2      | Reached skill level 1 in Axes
  1222 | D:2      | Reached skill level 1 in Maces & Flails
  1222 | D:2      | Reached skill level 1 in Polearms
  1222 | D:2      | Reached skill level 1 in Staves
  1222 | D:2      | Reached skill level 1 in Slings
  1222 | D:2      | Reached skill level 1 in Bows
  1222 | D:2      | Reached skill level 1 in Crossbows
  1222 | D:2      | Reached skill level 1 in Throwing
  1222 | D:2      | Reached skill level 1 in Armour
  1222 | D:2      | Reached skill level 1 in Shields
  1222 | D:2      | Reached skill level 1 in Unarmed Combat
  1222 | D:2      | Reached skill level 1 in Invocations
  1222 | D:2      | Reached skill level 1 in Evocations
  1222 | D:2      | Reached XP level 4. HP: 32/32 MP: 5/13
  1236 | D:2      | Noticed Robin
  1241 | D:2      | HP: 15/32 [Robin/goblin (3)]
  1507 | D:2      | HP: 13/32 [worm (8)]
  1707 | D:2      | Noticed Natasha
  1713 | D:2      | Killed Natasha
  1713 | D:2      | Reached skill level 1 in Hexes
  1713 | D:2      | Reached skill level 1 in Charms
  1713 | D:2      | Reached skill level 1 in Necromancy
  1713 | D:2      | Reached skill level 1 in Transmutations
  1713 | D:2      | Reached skill level 1 in Fire Magic
  1713 | D:2      | Reached skill level 1 in Ice Magic
  1713 | D:2      | Reached skill level 1 in Air Magic
  1713 | D:2      | Reached skill level 1 in Earth Magic
  1713 | D:2      | Reached skill level 1 in Poison Magic
  1863 | D:2      | Killed Robin
  1863 | D:2      | Reached XP level 5. HP: 22/37 MP: 1/14
  1970 | D:2      | Noticed Natasha
  1977 | D:2      | Killed Natasha
  2472 | D:2      | Found a deep blue altar of Sif Muna.
  2475 | D:2      | Became a worshipper of Sif Muna the Loreminder
  3527 | D:3      | Reached XP level 6. HP: 30/44 MP: 5/16
  3683 | D:3      | Found a glowing drain.
  3750 | Sewer    | Entered a sewer
  3763 | Sewer    | HP: 20/44 [river rat (4)]
  3764 | Sewer    | HP: 8/44 [river rat (6)]
  3764 | Sewer    | HP: 1/44 [river rat (7)]
  4149 | Sewer    | Reached skill level 5 in Dodging
  4151 | Sewer    | Reached * piety under Sif Muna
  4327 | Sewer    | Found a glowing silver altar of Zin.
  5363 | D:4      | Noticed Eustachio
  5405 | D:4      | Killed Eustachio
  5405 | D:4      | Reached XP level 7. HP: 42/51 MP: 9/18
  5698 | D:4      | Noticed Blork the orc
  5709 | D:4      | HP: 24/51 [Blork the orc/trident (4)]
  5710 | D:4      | Killed Blork the orc
  6221 | D:5      | Entered Level 5 of the Dungeon
  6266 | D:5      | Reached skill level 5 in Stealth
  6814 | D:5      | HP: 22/51 [sky beast (5)]
  6841 | D:5      | HP: 24/51 [sky beast (2)]
  6842 | D:5      | Reached XP level 8. HP: 22/57 MP: 14/19
  7668 | D:6      | Got a jewelled hunting sling
  7669 | D:6      | Identified the +3 hunting sling "Mud Pie of Death" {venom, rElec rN+ Dex+2 Stlth+} (You found it on level 6 of the Dungeon)
  7791 | D:6      | Learned a level 3 spell: Regeneration
  8291 | D:6      | Found an iron altar of Okawaru.
  8356 | D:6      | Found a staircase to the Ecumenical Temple.
  8603 | D:7      | You fall through a shaft for 3 floors!
  8603 | D:10     | Entered Level 10 of the Dungeon
  8675 | D:10     | Reached skill level 8 in Spellcasting
  8844 | D:10     | HP: 15/59 [cloud of flame (20)]
  8845 | D:10     | HP: 5/59 [orc/dagger (4)]
  8846 | D:10     | HP: 1/59 [orc priest/flail (13)]
  8871 | D:10     | Slain by an orc

Skill      XL: |  1  2  3  4  5  6  7  8 |
---------------+-------------------------+-----
Conjurations   | 2 3 |  3.7
Summonings     | 2 3 |  3.7
Translocations | 2 3 |  3.7
Fighting       | 1 2 3 |  3.6
Short Blades   | 1 2 3 |  3.6
Long Blades    | 1 2 3 |  3.6
Axes           | 1 2 3 |  3.6
Maces & Flails | 1 2 3 |  3.6
Polearms       | 1 2 3 |  3.6
Staves         | 1 2 3 |  3.6
Slings         | 1 2 3 |  3.6
Bows           | 1 2 3 |  3.6
Crossbows      | 1 2 3 |  3.6
Throwing       | 1 2 3 |  3.6
Armour         | 1 2 3 |  3.6
Shields        | 1 2 3 |  3.6
Unarmed Combat | 1 2 3 |  3.6
Invocations    | 1 2 3 4 |  4.0
Evocations     | 1 2 3 |  3.6
Hexes          | 1 2 3 |  3.0
Charms         | 1 2 3 |  3.0
Necromancy     | 1 2 3 |  3.0
Transmutations | 1 2 3 |  3.0
Fire Magic     | 1 2 3 |  3.0
Ice Magic      | 1 2 3 |  3.0
Air Magic      | 1 2 3 |  3.0
Earth Magic    | 1 2 3 |  3.0
Poison Magic   | 1 2 3 |  3.0
Dodging        | 5 |  5.9
Stealth        | 5 |  5.6
Spellcasting   | 8 |  8.1

Action                   |  1- 3 |  4- 6 |  7- 9 || total
-------------------------+-------+-------+-------++-------
Melee: Spear             |     2 |    66 |       ||    68
       Unarmed           |       |     2 |       ||     2
       Bite              |       |     8 |     5 ||    13
       Rapier            |       |       |    69 ||    69
       Punch             |       |       |     1 ||     1
 Fire: Hunting sling     |       |    69 |   127 ||   196
Throw: Stone             |       |       |     8 ||     8
 Cast: Magic Dart        |    66 |   215 |    51 ||   332
       Mephitic Cloud    |       |     3 |     1 ||     4
       Conjure Flame     |       |     2 |    12 ||    14
       Blink             |       |     1 |     6 ||     7
  Use: Scroll            |       |    11 |     2 ||    13
       Potion            |       |       |     1 ||     1
 Stab: Sleeping          |       |     2 |     1 ||     3
       Confused          |       |     1 |       ||     1
  Eat: Chunk             |     1 |    12 |     4 ||    17
       Ration            |       |       |     2 ||     2
Armor: Robe              |     1 |    23 |    30 ||    54
Dodge: Dodged            |     7 |   105 |   111 ||   223

Vault maps used:
D:1:      minmay_arrival_solitary_statue, skrybe_limestone_x
D:2:      lemuel_blue_sif_altar, uniq_robin, uniq_natasha
D:3:      portal_sewer_entry_b
D:4:      first_ration, minivault_24, nrook_uturn, uniq_eustachio,
          uniq_blork_the_orc
D:5:      kennysheep_nub
D:6:      lemuel_round_altar, temple_hall
D:7:      serial_shops, shop
Sewer:    sewer_kobolds
